| TOP OF THE 1ST |
|
Indianapolis Indians batting - Pitching for Iowa Oaks : LHP Matthew Sutherland
|
|
Pitching: LHP Matthew Sutherland
|
|
|
Batting: SHB Julio Estrada
|
0-0: Ball 1-0: Ball 2-0: Ground out 6-3 (Groundball, 4MS, EV 85.6 MPH)
|
|
Batting: RHB Pat Rooney
|
0-0: Called Strike 0-1: Swinging Strike 0-2: Strikes out swinging
|
|
Batting: LHB Scott Radloff
|
0-0: Called Strike 0-1: Ball 1-1: Called Strike 1-2: Fly out, F5 (Popup, 5S, EV 81.3 MPH)
|
| Top of the 1st over - 0 runs, 0 hits, 0 errors, 0 left on base; Indianapolis 0 - Iowa 0 |
| BOTTOM OF THE 1ST |
|
Iowa Oaks batting - Pitching for Indianapolis Indians : RHP Frank Pastore
|
|
Pitching: RHP Frank Pastore
|
|
|
Batting: LHB Gary Jones
|
0-0: Called Strike 0-1: Foul Ball, location: 2F 0-2: Foul Ball, location: 2F 0-2: Strikes out swinging
|
|
Batting: SHB Rodney Scott
|
0-0: Ground out 4-3 (Groundball, 4S, EV 77.5 MPH)
|
|
Batting: LHB Ronald Little
|
0-0: Ball 1-0: Fly out, F8 (Line Drive, 8RD, EV 98.1 MPH)
|
| Bottom of the 1st over - 0 runs, 0 hits, 0 errors, 0 left on base; Indianapolis 0 - Iowa 0 |
| TOP OF THE 2ND |
|
Indianapolis Indians batting - Pitching for Iowa Oaks : LHP Matthew Sutherland
|
|
Batting: RHB Luis Gonzalez
|
0-0: Ball 1-0: Ball 2-0: Called Strike 2-1: Ball 3-1: Foul Ball, location: 2F 3-2: Foul Ball, location: 2F 3-2: DOUBLE (Line Drive, 9LS, EV 98.8 MPH)
|
|
Batting: RHB Tracy Cowger
|
0-0: Called Strike 0-1: Called Strike 0-2: DOUBLE (Flyball, 8LXD, EV 111.9 MPH) Luis Gonzalez scores
|
|
Batting: LHB Roberto Ruiz
|
0-0: Ball 1-0: Foul Ball, location: 2F 1-1: Fly out, F8 (Flyball, 78XD, EV 96.9 MPH) Runner from 2nd tags up, SAFE at 3rd, no throw by CF
|
|
Batting: RHB Steven Campbell
|
0-0: Ball 1-0: Ground out 1-3 (Groundball, 13, EV 66.3 MPH)
|
|
Batting: RHB Robert Bonnette
|
0-0: Swinging Strike 0-1: Ball 1-1: Ball 2-1: Ball 3-1: Base on Balls
|
|
Batting: LHB David Bertulli
|
0-0: Called Strike 0-1: Called Strike 0-2: Ball 1-2: Ground out U3 (Groundball, 3S, EV 81.9 MPH)
|
| Top of the 2nd over - 1 run, 2 hits, 0 errors, 2 left on base; Indianapolis 1 - Iowa 0 |
| BOTTOM OF THE 2ND |
|
Iowa Oaks batting - Pitching for Indianapolis Indians : RHP Frank Pastore
|
|
Batting: LHB Donald Johnson
|
0-0: Ball 1-0: Called Strike 1-1: Ball 2-1: Foul Ball, location: 2F 2-2: SINGLE (Groundball, 15S, EV 69.4 MPH) (infield hit)
|
|
Batting: RHB Dave F Schmidt
|
0-0: Called Strike 0-1: Ball 1-1: Ball 2-1: Fly out, F8 (Flyball, 8LM, EV 86.9 MPH)
|
|
Batting: RHB Mark Benson
|
0-0: Ball 1-0: Ball 2-0: Ball 3-0: Base on Balls Donald Johnson to second
|
|
Batting: RHB Edgar Flores
|
0-0: Called Strike Donald Johnson steals 3rd base 0-1: Foul Ball, location: 2F 0-2: Ball 1-2: Ball Mark Benson steals 2nd base 2-2: Ball 3-2: Ground out 3-1 (Groundball, 34S, EV 78.8 MPH) Donald Johnson scores Mark Benson to third
|
|
Batting: RHB Mike Richardt
|
0-0: Ball 1-0: Ball 2-0: Ball Wild Pitch! Mark Benson scores 3-0: Called Strike 3-1: Foul Ball, location: 2F 3-2: Foul Ball, location: 2F 3-2: Base on Balls
|
|
Batting: LHB Wayne Krenchicki
|
0-0: Ball 1-0: Ball 2-0: Ball 3-0: Foul Ball, location: 2F 3-1: Called Strike 3-2: Foul Ball, location: 2F 3-2: Ground out 6-3 (Groundball, 4MS, EV 65.6 MPH)
|
| Bottom of the 2nd over - 2 runs, 1 hit, 0 errors, 1 left on base; Indianapolis 1 - Iowa 2 |
| TOP OF THE 3RD |
|
Indianapolis Indians batting - Pitching for Iowa Oaks : LHP Matthew Sutherland
|
|
Batting: SHB Julio Estrada
|
0-0: Ball 1-0: Called Strike 1-1: Swinging Strike 1-2: Ground out 6-3 (Groundball, 6, EV 81.9 MPH)
|
|
Batting: RHB Pat Rooney
|
0-0: Ball 1-0: Foul Ball, location: 2F 1-1: Swinging Strike 1-2: Ball 2-2: Strikes out swinging
|
|
Batting: LHB Scott Radloff
|
0-0: Ball 1-0: Ball 2-0: Fly out, F7 (Flyball, 7LM, EV 83.1 MPH)
|
| Top of the 3rd over - 0 runs, 0 hits, 0 errors, 0 left on base; Indianapolis 1 - Iowa 2 |
| BOTTOM OF THE 3RD |
|
Iowa Oaks batting - Pitching for Indianapolis Indians : RHP Frank Pastore
|
|
Batting: LHB Gary Jones
|
0-0: Fly out, F9 (Flyball, 9D, EV 88.1 MPH)
|
|
Batting: SHB Rodney Scott
|
0-0: Called Strike 0-1: Swinging Strike 0-2: Ball 1-2: Foul Ball, location: 2F 1-2: Strikes out swinging
|
|
Batting: LHB Ronald Little
|
0-0: Ball 1-0: Fly out, F8 (Flyball, 89M, EV 82.5 MPH)
|
| Bottom of the 3rd over - 0 runs, 0 hits, 0 errors, 0 left on base; Indianapolis 1 - Iowa 2 |
| TOP OF THE 4TH |
|
Indianapolis Indians batting - Pitching for Iowa Oaks : LHP Matthew Sutherland
|
|
Batting: RHB Luis Gonzalez
|
0-0: Fly out, F9 (Flyball, 9LM, EV 89.4 MPH)
|
|
Batting: RHB Tracy Cowger
|
0-0: Swinging Strike 0-1: Ball 1-1: Foul Ball, location: 2F 1-2: Ball 2-2: Ball 3-2: Strikes out swinging
|
|
Batting: LHB Roberto Ruiz
|
0-0: Ball 1-0: Ball 2-0: Ball 3-0: Called Strike 3-1: Ground out 4-3 (Groundball, 4, EV 90.0 MPH)
|
| Top of the 4th over - 0 runs, 0 hits, 0 errors, 0 left on base; Indianapolis 1 - Iowa 2 |
| BOTTOM OF THE 4TH |
|
Iowa Oaks batting - Pitching for Indianapolis Indians : RHP Frank Pastore
|
|
Batting: LHB Donald Johnson
|
0-0: Ball 1-0: Reached on error, E3 (Groundball, 34, EV 100.6 MPH)
|
|
Batting: RHB Dave F Schmidt
|
0-0: Called Strike Donald Johnson steals 2nd base 0-1: Foul Ball, location: 2F 0-2: Foul Ball, location: 2F 0-2: SINGLE (Groundball, 56S, EV 72.5 MPH) (infield hit) Donald Johnson to third
|
|
Batting: RHB Mark Benson
|
0-0: Called Strike 0-1: Called Strike 0-2: Ball 1-2: Strikes out swinging Dave F Schmidt steals 2nd base Batter strikes out.
|
|
Batting: RHB Edgar Flores
|
0-0: Fly out, F7 (Flyball, 7LS, EV 84.4 MPH)
|
|
Batting: RHB Mike Richardt
|
0-0: Ball 1-0: Foul Ball, location: 2F 1-1: Ball 2-1: Ball 3-1: Base on Balls
|
|
Batting: LHB Wayne Krenchicki
|
0-0: Called Strike 0-1: Ball 1-1: Ball 2-1: DOUBLE (Groundball, 5L, EV 110.6 MPH) Donald Johnson scores Dave F Schmidt scores Mike Richardt to third Runner from 3rd tries for Home, SAFE, no throw by LF
|
|
Batting: LHB Gary Jones
|
0-0: Called Strike 0-1: Ball 1-1: Called Strike 1-2: Ball 2-2: Ball 3-2: Foul Ball, location: 2F 3-2: Foul Ball, location: 2F 3-2: Ground out U3 (Groundball, 34, EV 78.1 MPH)
|
| Bottom of the 4th over - 3 runs, 2 hits, 1 error, 1 left on base; Indianapolis 1 - Iowa 5 |
| TOP OF THE 5TH |
|
Indianapolis Indians batting - Pitching for Iowa Oaks : LHP Matthew Sutherland
|
|
Batting: RHB Steven Campbell
|
0-0: Ground out 6-3 (Groundball, 6M, EV 108.8 MPH)
|
|
Batting: RHB Robert Bonnette
|
0-0: Called Strike 0-1: Swinging Strike 0-2: Ball 1-2: Fly out, F2 (Popup, 3SF, EV 77.5 MPH)
|
|
Batting: LHB David Bertulli
|
0-0: Ball 1-0: Ball 2-0: Ball 3-0: Called Strike 3-1: Base on Balls
|
|
Batting: SHB Julio Estrada
|
0-0: Called Strike 0-1: Called Strike 0-2: Ball 1-2: Fly out, F9 (Line Drive, 9, EV 92.5 MPH)
|
| Top of the 5th over - 0 runs, 0 hits, 0 errors, 1 left on base; Indianapolis 1 - Iowa 5 |
| BOTTOM OF THE 5TH |
|
Iowa Oaks batting - Pitching for Indianapolis Indians : RHP Frank Pastore
|
|
Batting: SHB Rodney Scott
|
0-0: Ball 1-0: Swinging Strike 1-1: Swinging Strike 1-2: Ball 2-2: Ball 3-2: Foul Ball, location: 2F 3-2: Base on Balls
|
|
Batting: LHB Ronald Little
|
0-0: Fielders Choice at 2nd, 4-6 (Groundball, 34, EV 76.9 MPH)
|
|
Batting: LHB Donald Johnson
|
0-0: Ball Ronald Little steals 2nd base 1-0: Ball 2-0: Ball 3-0: Called Strike 3-1: Called Strike 3-2: Base on Balls
|
|
Batting: RHB Dave F Schmidt
|
0-0: Called Strike 0-1: Foul Ball, location: 2F 0-2: Ball 1-2: Strikes out looking
|
|
Batting: RHB Mark Benson
|
0-0: Foul Ball, location: 2F 0-1: Ball 1-1: Foul Ball, location: 2F 1-2: Ball 2-2: Ball 3-2: Ground out 1-3 (Groundball, 15, EV 73.8 MPH)
|
| Bottom of the 5th over - 0 runs, 0 hits, 0 errors, 2 left on base; Indianapolis 1 - Iowa 5 |
| TOP OF THE 6TH |
|
Indianapolis Indians batting - Pitching for Iowa Oaks : LHP Matthew Sutherland
|
|
Batting: RHB Pat Rooney
|
0-0: Ball 1-0: Foul Ball, location: 2F 1-1: Ball 2-1: Ball 3-1: Called Strike 3-2: Base on Balls
|
|
Batting: LHB Scott Radloff
|
0-0: Ball 1-0: Called Strike 1-1: Foul Ball, location: 2F 1-2: Ball 2-2: Foul Ball, location: 2F 2-2: Foul Ball, location: 2F 2-2: Foul Ball, location: 2F 2-2: Foul Ball, location: 2F 2-2: Foul Ball, location: 2F 2-2: Foul Ball, location: 2F 2-2: Foul Ball, location: 2F 2-2: Ball 3-2: Foul Ball, location: 2F 3-2: Grounds into double play, 4-6-3 (Groundball, 4, EV 83.8 MPH)
|
|
Batting: RHB Luis Gonzalez
|
0-0: DOUBLE (Flyball, 8RXD, EV 96.3 MPH)
|
|
Batting: RHB Tracy Cowger
|
0-0: Called Strike 0-1: Ball 1-1: Foul Ball, location: 2F 1-2: Ball 2-2: Foul Ball, location: 2F 2-2: Fly out, F8 (Flyball, 8RS, EV 96.9 MPH)
|
| Top of the 6th over - 0 runs, 1 hit, 0 errors, 1 left on base; Indianapolis 1 - Iowa 5 |
| BOTTOM OF THE 6TH |
|
Iowa Oaks batting - Pitching for Indianapolis Indians : RHP Frank Pastore
|
|
Batting: RHB Edgar Flores
|
0-0: Called Strike 0-1: Called Strike 0-2: Foul Ball, location: 2F 0-2: Fly out, F5 (Popup, 5F, EV 78.8 MPH)
|
|
Batting: RHB Mike Richardt
|
0-0: Ground out 4-3 (Groundball, 4D, EV 93.8 MPH)
|
|
Batting: LHB Wayne Krenchicki
|
0-0: Ground out 6-3 (Groundball, 6S, EV 88.8 MPH)
|
| Bottom of the 6th over - 0 runs, 0 hits, 0 errors, 0 left on base; Indianapolis 1 - Iowa 5 |
| TOP OF THE 7TH |
|
Indianapolis Indians batting - Pitching for Iowa Oaks : LHP Matthew Sutherland
|
|
Batting: LHB Roberto Ruiz
|
0-0: Called Strike 0-1: Foul Ball, location: 2F 0-2: Fly out, F8 (Flyball, 89D, EV 78.8 MPH)
|
|
Batting: RHB Steven Campbell
|
0-0: Ball 1-0: Foul Ball, location: 2F 1-1: Ground out 6-3 (Groundball, 4M, EV 77.5 MPH)
|
|
Batting: RHB Robert Bonnette
|
0-0: Swinging Strike 0-1: Foul Ball, location: 2F 0-2: Strikes out swinging
|
| Top of the 7th over - 0 runs, 0 hits, 0 errors, 0 left on base; Indianapolis 1 - Iowa 5 |
| BOTTOM OF THE 7TH |
|
Iowa Oaks batting - Pitching for Indianapolis Indians : RHP Frank Pastore
|
|
Batting: LHB Gary Jones
|
0-0: Ball 1-0: Ball 2-0: Ball 3-0: Called Strike 3-1: SINGLE (Groundball, 4M, EV 110.6 MPH) (infield hit)
|
|
Batting: SHB Rodney Scott
|
0-0: Fielders Choice at 2nd, 4-6 (Groundball, 4, EV 105.6 MPH)
|
|
Batting: LHB Ronald Little
|
0-0: Ball 1-0: Called Strike 1-1: Fly out, F7 (Flyball, 7, EV 83.1 MPH)
|
|
Batting: LHB Donald Johnson
|
0-0: Ball Rodney Scott steals 2nd base 1-0: Ball 2-0: Called Strike 2-1: Ground out 6-3 (Groundball, 6, EV 81.9 MPH)
|
| Bottom of the 7th over - 0 runs, 1 hit, 0 errors, 1 left on base; Indianapolis 1 - Iowa 5 |
| TOP OF THE 8TH |
|
Indianapolis Indians batting - Pitching for Iowa Oaks : LHP Matthew Sutherland
|
|
Batting: LHB David Bertulli
|
0-0: Swinging Strike 0-1: Foul Ball, location: 2F 0-2: Ball 1-2: Foul Ball, location: 2F 1-2: Foul Ball, location: 2F 1-2: Ball 2-2: Foul Ball, location: 2F 2-2: Ball 3-2: Fly out, F8 (Flyball, 8LXD, EV 108.1 MPH)
|
|
Batting: SHB Julio Estrada
|
0-0: Called Strike 0-1: Fly out, F8 (Flyball, 8RD, EV 98.1 MPH)
|
|
Batting: RHB Pat Rooney
|
0-0: DOUBLE (Flyball, 78XD, EV 100.0 MPH)
|
|
Batting: LHB Scott Radloff
|
0-0: Ball 1-0: Swinging Strike 1-1: Swinging Strike 1-2: Ball 2-2: Strikes out swinging
|
| Top of the 8th over - 0 runs, 1 hit, 0 errors, 1 left on base; Indianapolis 1 - Iowa 5 |
| BOTTOM OF THE 8TH |
|
Iowa Oaks batting - Pitching for Indianapolis Indians : RHP Frank Pastore
|
|
Batting: RHB Dave F Schmidt
|
0-0: Ball 1-0: Ball 2-0: Ball 3-0: Foul Ball, location: 2F 3-1: Base on Balls
|
|
Batting: RHB Mark Benson
|
0-0: Ball 1-0: Fly out, F7 (Flyball, 7S, EV 78.8 MPH)
|
|
Batting: RHB Edgar Flores
|
0-0: Ball Dave F Schmidt steals 2nd base 1-0: Swinging Strike 1-1: Ball 2-1: Ball 3-1: Called Strike 3-2: Foul Ball, location: 2F 3-2: Ground out 3-1 (Groundball, 3D, EV 106.9 MPH) Dave F Schmidt to third
|
|
Batting: RHB Mike Richardt
|
0-0: Ball 1-0: Foul Ball, location: 2F 1-1: Ground out 6-3 (Groundball, 6, EV 96.9 MPH)
|
| Bottom of the 8th over - 0 runs, 0 hits, 0 errors, 1 left on base; Indianapolis 1 - Iowa 5 |
| TOP OF THE 9TH |
|
Indianapolis Indians batting - Pitching for Iowa Oaks : LHP Matthew Sutherland
|
|
Batting: RHB Luis Gonzalez
|
0-0: Foul Ball, location: 2F 0-1: Foul Ball, location: 2F 0-2: Strikes out swinging
|
|
Batting: RHB Tracy Cowger
|
0-0: Swinging Strike 0-1: Called Strike 0-2: Ball 1-2: Strikes out looking
|
|
Batting: LHB Roberto Ruiz
|
0-0: Fly out, F8 (Flyball, 8RD, EV 92.5 MPH)
|
| Top of the 9th over - 0 runs, 0 hits, 0 errors, 0 left on base; Indianapolis 1 - Iowa 5 |
|